 Dungeon Sprint DCSS version 0.30.1-9-gdf580d7c3d (webtiles) character file.

Game seed: 5322017336742065163

23242 Heoruswealwe the Phalangite (level 12, -1/133 HPs)
             Began as a Minotaur Fighter on Oct 20, 2023.
             Was an Initiate of Gozag.
             Killed by the air
             ... invoked by a spriggan air mage
              (14 damage)
             ... in the Dungeon (Sprint IX: "|||||||||||||||||||||||||||||").
             The game lasted 00:32:28 (3605 turns).

Heoruswealwe the Phalangite (Minotaur Fighter)      Turns: 3605, Time: 00:32:31

Health: -1/133     AC: 30    Str: 29    XL:     12   Next: 70%
Magic:  0/11       EV:  7    Int:  5    God:    Gozag
Gold:   174        SH: 13    Dex: 10    Spells: 11/11 levels left

rFire   . . .        a - +4 demon trident (venom)
rCold   . . .        d - +1 tower shield
rNeg    . . .        c - +0 shadow dragon scales
rPois   .            (helmet restricted)
rElec   .            h - +0 cloak
rCorr   .            f - +2 pair of gloves {infuse}
SInv    .            e - +0 pair of boots
Will    .....        (no amulet)
Stlth   ++           n - +2 ring of protection
HPRegen 0.42/turn    j - +3 ring of strength
MPRegen 0.12/turn

%: no teleportation
@: gold aura
A: horns 2, retaliatory headbutt
a: Renounce Religion, Potion Petition, Call Merchant, Bribe Branch


You were in the Dungeon.
You worshipped Gozag.
Gozag was aware of your devotion.
You visited 1 branch You collected 7820 gold pieces.
You spent 4354 gold pieces at shops.
You paid 3292 gold pieces to Gozag.

Inventory:

Hand Weapons
 a - a +4 demon trident of venom (weapon)
 b - a +2 glaive of protection
 o - the +9 sword of Zonguldrok {reap}
   (You bought it in a shop in the Dungeon)
Armour
 c - +0 shadow dragon scales (worn)
 d - a +1 tower shield (worn)
 e - a +0 pair of boots (worn)
 f - a +2 pair of gloves of infusion (worn)
 h - a +0 cloak (worn)
 x - the +3 robe of Clouds {*Thunder rCloud rElec}
   (You bought it in a shop in the Dungeon)

   *Thunder:  It occasionally creates storm clouds above nearby enemies.
   rCloud:    It grants its wearer immunity to clouds.
   rElec:     It insulates you from electricity.
Jewellery
 j - a +3 ring of strength (right hand)
 n - a +2 ring of protection (left hand)
 w - a ring of protection from fire
 y - a ring of poison resistance
Wands
 p - a wand of mindburst (17)
 r - a wand of paralysis (4)
 s - a wand of light (19)
Scrolls
 q - 4 scrolls of identify
Potions
 g - 4 potions of haste
 i - 2 potions of mutation
 k - 2 potions of might
 l - a potion of resistance
 v - 3 potions of berserk rage
 z - 4 potions of magic
Miscellaneous
 u - a piece from Xom's chessboard (15/15)


   Skills:
 + Level 20.1 Fighting
 * Level 26.9 Polearms
 + Level 20.1 Armour
 - Level 3.6 Shields


You had 11 spell levels left.
You didn't know any spells.
Your spell library was empty.

Dungeon Overview and Level Annotations

Branches:
Dungeon (1/1)

Altars:
Cheibriados
Dithmenos
Elyvilon
Fedhas
Gozag
Hepliaklqana
Kikubaaqudgha
Makhleb
Nemelex Xobeh
Okawaru
Qazlal
Ru
Sif Muna
Trog
Uskayaw
Vehumet
Wu Jian
Xom
Yredelemnul
Zin
The Shining One
Jiyva
Lugonu

Shops:
D :(:(***


Innate Abilities, Weirdness & Mutations

You have a pair of horns on your head.
You reflexively headbutt those who attack you in melee.


Message History

The spriggan air mage is distracted by your dazzling golden aura.
Your Fighting skill increases to level 20!
Your Armour skill increases to level 20!
Reach: a) +4 demon trident (venom)
Press: ? - help, Dir - move target, f - necromancer
Aim: a necromancer, wielding a +0 dagger and wearing a +0 robe (about 29% to evade your +4 demon trident of venom)
You reach to attack!
You closely miss the necromancer.
The necromancer is no longer distracted by gold.
The ice dragon is no longer distracted by gold.
You impale the necromancer!!
The necromancer looks as sick as possible!
The necromancer is almost dead.
The necromancer hits you but does no damage.
You impale the necromancer!!
You kill the necromancer!
The spriggan air mage is no longer distracted by gold.
The spriggan air mage is distracted by your dazzling golden aura.
Reach: a) +4 demon trident (venom)
Press: ? - help, Dir - move target, f - spriggan air mage
Aim: a spriggan air mage, wearing a +0 robe (repelling missiles, unaware, hasn't noticed you, about 50% to evade your +4 demon trident of venom)
You reach to attack!
The spriggan air mage shouts!
You hit the spriggan air mage.
The spriggan air mage is poisoned.
The spriggan air mage is no longer distracted by gold.
The spriggan air mage is lightly wounded.
You closely miss the spriggan air mage.
Your headbutt misses the spriggan air mage.
The spriggan air mage is lightly wounded.
The spriggan air mage hits you but does no damage.
You completely miss the spriggan air mage.
Your headbutt misses the spriggan air mage.
The spriggan air mage is lightly wounded.
The spriggan air mage hits you but does no damage.
You hit the spriggan air mage.
The spriggan air mage looks as sick as possible!
The spriggan air mage is lightly wounded.
The spriggan air mage waves its arms in wide circles.
The air twists around and strikes you!
You die...
Your body crumbles into a pile of gold.

▓▓▓▓▓▓▓▓▓▓▓▓▓▓▓▓▓▓▓▓▓▓▓▓▓▓▓▓▓
[[[[[.[[[......?@iD$$$$.piD..
▓▓▓▓▓▓▓▓▓▓▓▓▓▓▓▓▓▓▓▓▓▓▓▓▓▓▓▓▓▓▓▓▓
.................................
▓▓▓▓▓▓▓▓▓▓▓▓▓▓▓▓▓▓▓▓▓▓▓▓▓▓▓▓▓▓▓▓▓
.[..'[.[[[[......')[...∩.∩.∩.∩.∩.
▓▓▓▓▓▓▓▓▓▓▓▓▓▓▓▓▓▓▓▓▓▓▓▓▓▓▓▓▓▓▓▓▓
.[...............................
▓▓▓▓▓▓▓▓▓▓▓▓▓▓▓▓▓▓▓▓▓▓▓▓▓▓▓▓▓▓▓▓▓
........'.........'........))[.'.


You could see an ice dragon and a spriggan air mage (repels missiles, extremely
poisoned).

Vanquished Creatures
  A fire giant (D)
  A stone giant (D)
  2 ettins (D)
  Erolcha (D)
  A catoblepas (D)
  An ogre mage (D)
  A hydra (D)
  A boulder beetle (D)
  3 centaur warriors (D)
  2 two-headed ogres (D)
  4 orc high priests (D)
  Sonja (D)
  2 lindwurms (D)
  6 orc knights (D)
  2 orc sorcerers (D)
  A necromancer (D)
  3 ugly things (D)
  A black mamba (D)
  A gargoyle (D)
  3 cane toads (D)
  2 yaktaurs (D)
  2 komodo dragons (D)
  A meliai (D)
  2 tyrant leeches (D)
  A blink frog (D)
  5 yaks (D)
  4 water moccasins (D)
  8 orc warriors (D)
  2 wolves (D)
  3 bullfrogs (D)
  A scorpion (D)
  A wight (D)
  A hound (D)
  An orc priest (D)
  4 orc wizards (D)
  4 worms (D)
  14 orcs (D)
  A goblin (D)
  A hobgoblin (D)
  A quokka (D)
  A ball python (D)
  2 bats (D)
100 creatures vanquished.

Vanquished Creatures (others)
  A wizard (D)
1 creature vanquished.

Grand Total: 101 creatures vanquished

Notes
Turn   | Place    | Note
-------+----------+-------------------------------------------
     0 | D        | Heoruswealwe the Minotaur Fighter began the quest for the
                  | Orb.
     0 | D        | Reached XP level 1. HP: 19/19 MP: 0/0
     7 | D        | Reached skill level 3 in Polearms
    41 | D        | Noticed a scorpion
    41 | D        | Noticed a hound
    41 | D        | Noticed a water moccasin
    45 | D        | Killed a scorpion
    46 | D        | Reached skill level 5 in Fighting
    46 | D        | Reached skill level 6 in Polearms
    46 | D        | Reached skill level 5 in Armour
    46 | D        | Reached XP level 2. HP: 30/30 MP: 1/1
    46 | D        | Reached XP level 3. HP: 37/37 MP: 2/2
    53 | D        | Reached skill level 7 in Polearms
    53 | D        | Reached XP level 4. HP: 42/44 MP: 3/3
    57 | D        | Killed a water moccasin
    58 | D        | Reached skill level 9 in Polearms
    58 | D        | Reached XP level 5. HP: 51/53 MP: 4/4
    64 | D        | Found a snail-covered altar of Cheibriados.
    64 | D        | Found a shadowy altar of Dithmenos.
    64 | D        | Found a white marble altar of Elyvilon.
    64 | D        | Found a blossoming altar of Fedhas.
    64 | D        | Found an opulent altar of Gozag.
    65 | D        | Found a hazy altar of Hepliaklqana.
    66 | D        | Found a viscous altar of Jiyva.
    67 | D        | Found an ancient bone altar of Kikubaaqudgha.
    68 | D        | Found a corrupted altar of Lugonu.
    69 | D        | Found a burning altar of Makhleb.
    70 | D        | Found a sparkling altar of Nemelex Xobeh.
    71 | D        | Found an iron altar of Okawaru.
    72 | D        | Found a stormy altar of Qazlal.
    74 | D        | Became a worshipper of Gozag Ym Sagoz the Greedy
    76 | D        | Found a sacrificial altar of Ru.
    77 | D        | Found a shimmering blue altar of Sif Muna.
    78 | D        | Found a bloodstained altar of Trog.
    79 | D        | Found a hide-covered altar of Uskayaw.
    80 | D        | Found a radiant altar of Vehumet.
    81 | D        | Found an ornate altar of the Wu Jian Council.
    82 | D        | Found a shimmering altar of Xom.
    83 | D        | Found a basalt altar of Yredelemnul.
    84 | D        | Found a glowing silver altar of Zin.
    85 | D        | Found a glowing golden altar of the Shining One.
   135 | D        | Noticed a yak
   135 | D        | Noticed a yak
   135 | D        | Noticed a two-headed ogre
   135 | D        | Noticed a gargoyle
   138 | D        | Killed a yak
   139 | D        | Reached skill level 11 in Polearms
   139 | D        | Reached XP level 6. HP: 62/62 MP: 5/5
   145 | D        | Killed a yak
   146 | D        | Reached skill level 12 in Polearms
   150 | D        | Killed a two-headed ogre
   151 | D        | Reached skill level 14 in Polearms
   151 | D        | Reached XP level 7. HP: 47/74 MP: 6/6
   151 | D        | Reached XP level 8. HP: 52/82 MP: 7/7
   159 | D        | Killed a gargoyle
   160 | D        | Reached skill level 15 in Polearms
   284 | D        | Noticed a two-headed ogre
   284 | D        | Noticed a white ugly thing
   284 | D        | Noticed a boulder beetle
   284 | D        | Noticed a komodo dragon
   284 | D        | Noticed a white ugly thing
   284 | D        | Noticed a four-headed hydra
   304 | D        | Killed a boulder beetle
   305 | D        | Reached skill level 16 in Polearms
   305 | D        | Reached XP level 9. HP: 39/92 MP: 8/8
   312 | D        | Killed a two-headed ogre
   313 | D        | Reached skill level 17 in Polearms
   318 | D        | Killed a white ugly thing
   319 | D        | Reached skill level 18 in Polearms
   323 | D        | Killed a komodo dragon
   340 | D        | Killed a white ugly thing
   341 | D        | Reached skill level 19 in Polearms
   580 | D        | Killed a four-headed hydra
   581 | D        | Reached XP level 10. HP: 104/104 MP: 9/9
   724 | D        | Noticed a black mamba
   724 | D        | Noticed a cane toad
   724 | D        | Noticed a cane toad
   731 | D        | Killed a black mamba
   739 | D        | Reached skill level 20 in Polearms
   751 | D        | Killed a cane toad
   752 | D        | Reached skill level 15 in Fighting
   752 | D        | Reached skill level 15 in Armour
   753 | D        | Killed a cane toad
   829 | D        | Noticed a cane toad
   834 | D        | Noticed a catoblepas
   887 | D        | Killed a catoblepas
   888 | D        | Reached skill level 21 in Polearms
   897 | D        | Killed a cane toad
   961 | D        | Noticed a lindwurm
   967 | D        | Killed a lindwurm
   968 | D        | Reached XP level 11. HP: 102/115 MP: 10/10
   983 | D        | Reached skill level 22 in Polearms
  1004 | D        | Noticed a lindwurm
  1018 | D        | Killed a lindwurm
  1249 | D        | Noticed Erolcha
  1254 | D        | Killed Erolcha
  1317 | D        | Noticed an ettin
  1331 | D        | Killed an ettin
  1352 | D        | Reached skill level 23 in Polearms
  1430 | D        | Noticed an orc knight
  1430 | D        | Noticed an orc high priest
  1431 | D        | Noticed an orc knight
  1445 | D        | Killed an orc knight
  1449 | D        | Noticed an orc knight
  1466 | D        | Killed an orc high priest
  1478 | D        | Killed an orc knight
  1492 | D        | Killed an orc knight
  1782 | D        | Found Deuwif's Book Emporium.
  1782 | D        | Noticed an orc knight
  1782 | D        | Noticed an orc knight
  1788 | D        | Noticed an orc high priest
  1794 | D        | Noticed an orc sorcerer
  1797 | D        | Killed an orc knight
  1798 | D        | Reached skill level 24 in Polearms
  1803 | D        | Killed an orc knight
  1804 | D        | Noticed an orc knight
  1806 | D        | Found Suif's Antique Weapon Shoppe.
  1817 | D        | Killed an orc high priest
  1817 | D        | Noticed an orc high priest
  1822 | D        | Noticed a sixfirhy
  1823 | D        | Killed an orc sorcerer
  1831 | D        | Killed an orc knight
  1839 | D        | Found Xoma's Distillery.
  1844 | D        | Found Giduorin's Book Shoppe.
  1851 | D        | Killed an orc high priest
  1852 | D        | Reached XP level 12. HP: 19/128 MP: 11/11
  2129 | D        | Noticed an orc high priest
  2136 | D        | Killed an orc high priest
  2137 | D        | Reached skill level 25 in Polearms
  2224 | D        | Bought a runed glaive for 275 gold pieces
  2246 | D        | Bought a potion of haste for 100 gold pieces
  2246 | D        | Bought a potion of mutation for 80 gold pieces
  2246 | D        | Bought a potion of resistance for 100 gold pieces
  2246 | D        | Bought a potion of heal wounds for 50 gold pieces
  2246 | D        | Bought a potion of attraction for 30 gold pieces
  2246 | D        | Bought a potion of curing for 30 gold pieces
  2246 | D        | Bought a potion of flight for 30 gold pieces
  2269 | D        | Bought the +9 sword of Zonguldrok {reap} for 1120 gold
                  | pieces
  2269 | D        | Found the +9 sword of Zonguldrok {reap}
  2272 | D        | Bought a piece from Xom's chessboard (15/15) for 240 gold
                  | pieces
  2272 | D        | Bought a scroll of identify for 24 gold pieces
  2272 | D        | Bought a scroll of identify for 24 gold pieces
  2272 | D        | Bought 2 potions of berserk rage for 120 gold pieces
  2272 | D        | Bought a +0 demon trident of venom for 240 gold pieces
  2272 | D        | Bought the +3 robe of Clouds {*Thunder rCloud rElec} for
                  | 356 gold pieces
  2272 | D        | Found the +3 robe of Clouds {*Thunder rCloud rElec}
  2272 | D        | Bought a scroll of poison for 48 gold pieces
  2272 | D        | Bought a potion of lignification for 36 gold pieces
  2317 | D        | Bought a wand of paralysis (4) for 124 gold pieces
  2317 | D        | Bought a scroll of identify for 26 gold pieces
  2317 | D        | Bought a scroll of immolation for 52 gold pieces
  2317 | D        | Bought a wand of light (5) for 273 gold pieces
  2357 | D        | Bought a scroll labelled EMAVVON UBIY for 27 gold pieces
  2357 | D        | Bought a pair of embroidered gloves for 202 gold pieces
  2357 | D        | Bought a potion of heal wounds for 135 gold pieces
  2357 | D        | Bought a viscous white potion for 24 gold pieces
  2357 | D        | Bought a potion of berserk rage for 135 gold pieces
  2357 | D        | Bought a wand of light (4) for 453 gold pieces
  2463 | D        | Noticed Sonja
  2467 | D        | Killed Sonja
  3530 | D        | Noticed a centaur warrior
  3530 | D        | Noticed a centaur warrior
  3530 | D        | Noticed a centaur warrior
  3541 | D        | Killed a centaur warrior
  3542 | D        | Noticed a stone giant
  3546 | D        | Noticed an ogre mage
  3548 | D        | Killed a centaur warrior
  3553 | D        | Noticed an ettin
  3556 | D        | Killed a centaur warrior
  3557 | D        | Reached skill level 26 in Polearms
  3559 | D        | Noticed a fire giant
  3569 | D        | Killed a stone giant
  3576 | D        | Noticed a spriggan air mage
  3578 | D        | Noticed an ice dragon
  3581 | D        | HP: 3/132 [something (7)]
  3588 | D        | Killed a fire giant
  3590 | D        | HP: 1/132 [ogre mage/+0 halberd (11)]
  3594 | D        | Killed an ogre mage
  3598 | D        | Killed an ettin
  3605 | D        | Killed from afar by a spriggan air mage

Illustrated notes

Levels and vault maps discovered:
D:        linesprint [early_d, line_temple, items_1, d_10, items_2, lair_1,
          lair_end, items_3, orc_1, orc_end, items_4, d_15, swamp_1, shoals_1,
          snake_1, spider_1, d_20, vaults_1, items_5, swamp_end, shoals_end,
          snake_end, spider_end, vaults_end, d_27, items_6, zot_1, zot_end,
          crypt_end, forest_end, elf_end, slime_end, tomb_end, abyss_end,
          pan_hell_end]

Skill      XL: |  1  2  3  4  5  6  7  8  9 10 11 12 |
---------------+-------------------------------------+-----
Polearms       | 6 7 9 11 14 16 19 21 24 26 | 26.9
Fighting       | 5 6 7 8 11 12 14 16 18 20 | 20.1
Armour         | 5 6 7 8 11 12 14 16 18 20 | 20.1
Shields        | |  3.6

Action                     |  1- 3 |  4- 6 |  7- 9 | 10-12 || total
---------------------------+-------+-------+-------+-------++-------
  Melee: Trident           |    26 |    20 |    77 |   134 ||   257
         Headbutt          |     5 |     4 |    20 |    70 ||    99
         Halberd           |       |       |       |   183 ||   183
         Demon trident     |       |       |       |    61 ||    61
 Invoke: Call Merchant     |       |       |       |     4 ||     4
    Use: Potion            |       |       |     4 |    15 ||    19
         Scroll            |       |       |     1 |    11 ||    12
   Stab: Distracted        |       |     1 |       |     3 ||     4
         Petrified         |       |       |       |     7 ||     7
         Petrifying        |       |       |       |     1 ||     1
 Armour: Scale mail        |    11 |     2 |       |       ||    13
         Ring mail         |       |     1 |    14 |    30 ||    45
         Plate armour      |       |       |       |    58 ||    58
         Shadow dragon sca |       |       |       |    26 ||    26
  Dodge: Dodged            |    10 |     6 |     8 |    67 ||    91
  Block: Buckler           |     6 |     1 |     5 |    11 ||    23
         Tower shield      |       |       |       |    20 ||    20
